 Dungeon Crawl Stone Soup version 0.29.1-2-gbd0b4ee654 (webtiles) character file.

Game seed: 7153465751948368394

97 tkbsonic5 the Chopper (level 4, -1/48 HPs)
             Began as an Ogre Gladiator on Nov 28, 2022.
             Slain by Pikel
             ... wielding a +1 whip of electrocution
              (4 damage)
             ... on level 4 of the Dungeon on Nov 29, 2022.
             The game lasted 00:08:31 (3270 turns).

tkbsonic5 the Chopper (Ogre Gladiator)              Turns: 3270, Time: 00:08:33

Health: -1/48      AC:  3    Str: 20    XL:     4   Next: 68%
Magic:  4/4        EV: 10    Int:  9    God:
Gold:   122        SH:  0    Dex: 10    Spells: 3/3 levels left

rFire   + . .      SeeInvis .   q - +8 hammer of Desperation {holy, Stlth+}
rCold   + . .      Faith    .   (no shield)
rNeg    . . .      Spirit   .   b - +0 robe
rPois   +          Reflect  .   c - +0 hat
rElec   +          Harm     .   (no cloak)
rCorr   +          Rampage  .   (gloves unavailable)
Will    .....                   (boots unavailable)
Stlth   ++........              (no amulet)
HPRegen 0.16/turn               (no ring)
MPRegen 0.09/turn               (no ring)

@: confused, resistant, ambrosia-drunk, attractive, invisible
A: large, unfitting armour, tough skin 1
a: no special abilities


You were on level 4 of the Dungeon.
You visited 1 branch of the dungeon, and saw 4 of its levels.

You collected 122 gold pieces.

Inventory:

Hand Weapons
 a - a +0 war axe
 m - a +0 vorpal hand axe
 q - the +8 hammer of Desperation (weapon) {holy, Stlth+}
   (You found it on level 2 of the Dungeon)

   It has been blessed by the Shining One to cause great damage to the undead
   and demons.
   Stlth:     It makes you more stealthy.
 r - a +2 hammer of draining
 s - a +2 hammer of draining
 t - a +1 hammer of protection
 u - a +1 hammer of holy wrath
 v - the +7 hammer "Toatsyre" {elec, *Corrode Drain rC+++ Dex+4}
   (You found it on level 2 of the Dungeon)

   It occasionally discharges a powerful burst of electricity upon striking a
   foe.
   Dex:       It affects your dexterity (+4).
   rC:        It renders you almost immune to cold.
   *Corrode:  It may corrode you when you take damage.
   Drain:     It drains your maximum health when unequipped.
 w - a +2 hammer of holy wrath
 x - a +0 vorpal hammer
Missiles
 d - 3 throwing nets
 e - a large rock (quivered)
Armour
 b - a +0 robe (worn)
 c - a +0 hat (worn)
Wands
 B - a wand of charming (9)
Scrolls
 g - 3 scrolls of poison {unknown}
 i - 3 scrolls of identify {unknown}
 k - 2 scrolls of noise {unknown}
 l - a scroll of teleportation {unknown}
 n - a scroll of enchant weapon {unknown}
 o - a scroll of brand weapon {unknown}
 y - a scroll of vulnerability {unknown}
Potions
 f - a potion of invisibility
 j - 2 potions of attraction
 p - a potion of degeneration {unknown}
 A - a potion of curing {unknown}


   Skills:
 + Level 3.6 Fighting
 - Level 3.8(3.9) Axes
 * Level 1.1(2.4) Maces & Flails
 + Level 2.6 Throwing
 + Level 3.1 Dodging
 - Level 0.1 Stealth


You had 3 spell levels left.
You didn't know any spells.
Your spell library was empty.

Dungeon Overview and Level Annotations

Branches:
Dungeon (4/15)
 Temple: D:4-7

Altars:

Shops:
D:3 :

Annotations:
D:2 1 runed translucent door, Crazy Yiuf
D:3 3 runed translucent doors, sigtrap's ghost, amateur SpBr
D:4 Pikel


Innate Abilities, Weirdness & Mutations

You are too large for most types of armour.
You have tough skin. (AC +1)


Message History

You completely miss the lemure. The lemure closely misses you.
The lemure hits you.
You closely miss the lemure. The lemure completely misses you.
The lemure shouts!
You sock the lemure!
The lemure convulses!
The lemure is almost dead.
The lemure hits you.
Pikel hits you with a +1 whip of electrocution!
You sock the lemure!
You kill the lemure!
That felt strangely unrewarding.
Pikel hits you with a +1 whip of electrocution!
The lemure hits you.
Pikel hits you with a +1 whip of electrocution.
You are electrocuted!
* * * LOW HITPOINT WARNING * * *
Okay, then.
Okay, then.
Pikel attacks as you move away! Pikel closely misses you.
It was a potion of attraction.
You feel attractive to monsters. Pikel barely misses you.
It was a potion of invisibility.
You fade into invisibility!
The lemure closely misses you. The lemure barely misses you.
Pikel hits you with a +1 whip of electrocution.
* * * LOW HITPOINT WARNING * * *
It was a potion of ambrosia.
You are confused.
You feel invigorated. The lemure barely misses you. The lemure hits you.
* * * LOW HITPOINT WARNING * * *
Pikel barely misses you.
It was a potion of resistance.
You feel protected. The lemure hits you.
* * * LOW HITPOINT WARNING * * *
The lemure hits you.
* * * LOW HITPOINT WARNING * * *
Pikel hits you with a +1 whip of electrocution.
You die...

#...### ##)....# ###
#.....$# ...
##......## ...>
#........# .....
#........# #.....
..........## #......
............##.......
#...........@55......
##.........5K#####.#
.............#
.##........#..#
.............#
...........≈.#
..§§........#
.≈...≈§≈≈..#


You could see Pikel (unable to see you) and 3 lemures.

Vanquished Creatures
  A lemure (D:4)
  3 adders (D:3)
  2 orcs (D:3)
  5 bats
  7 endoplasms
  7 giant cockroaches
  4 hobgoblins
  4 jackals (D:2)
  A quokka (D:1)
  7 ball pythons
  7 frilled lizards
  5 goblins
  8 kobolds
  4 rats
65 creatures vanquished.

Vanquished Creatures (others)
  A plant (D:1)
  A withered plant (D:1)
2 creatures vanquished.

Grand Total: 67 creatures vanquished

Notes
Turn   | Place    | Note
-------+----------+-------------------------------------------
     0 | D:1      | tkbsonic5 the Ogre Gladiator began the quest for the Orb.
     0 | D:1      | Reached XP level 1. HP: 22/22 MP: 1/1
   466 | D:1      | Reached XP level 2. HP: 27/29 MP: 2/2
   716 | D:1      | Found a faded altar of an unknown god.
  1485 | D:2      | Reached XP level 3. HP: 32/37 MP: 3/3
  2322 | D:2      | Found a runed translucent door.
  2324 | D:2      | Identified the +8 hammer of Desperation {holy, Stlth+}
  2330 | D:2      | Noticed Crazy Yiuf
  2349 | D:2      | Identified the +7 hammer "Toatsyre" {elec, *Corrode Drain
                  | rC+++ Dex+4}
  2633 | D:3      | Reached XP level 4. HP: 45/45 MP: 4/4
  2810 | D:3      | Identified the +0 leather armour of the Dropbear {rC+ MP+9
                  | Str-2 SInv}
  2828 | D:3      | Found Joyck's Book Shop.
  2840 | D:3      | Reached skill level 1 in Maces & Flails
  2998 | D:3      | Found a runed translucent gate.
  2999 | D:3      | Found a runed translucent gate.
  3000 | D:3      | Found a runed translucent gate.
  3002 | D:3      | Noticed sigtrap's ghost (amateur SpBr)
  3259 | D:4      | Noticed Pikel
  3259 | D:4      | Noticed a lemure
  3259 | D:4      | Noticed a lemure
  3259 | D:4      | Noticed a lemure
  3260 | D:4      | Noticed a lemure
  3265 | D:4      | Killed a lemure
  3268 | D:4      | HP: 2/48 [Pikel/+1 whip of electrocution (4)]
  3270 | D:4      | Slain by Pikel

Illustrated notes

Levels and vault maps discovered:
D:1:      minmay_arrival_wavy_path, layout_loops_corners,
          shapermc_ecumenical_altar_flowoftime
D:2:      layout_loops_corners, uniq_crazy_yiuf_cottage
D:3:      layout_basic, serial_shops, nicolae_square_shop,
          gammafunk_ghost_necromancy
D:4:      cheibrodos_greedy_goblins, layout_cave_pods,
          nicolae_qazlal_general_emergency, uniq_robin, uniq_pikel, uniq_edmund

Skill      XL: |  1  2  3  4 |
---------------+-------------+-----
Fighting       | 3 |  3.6
Dodging        | 3 |  3.1
Maces & Flails | 1 |  1.1
Axes           | |  3.8
Throwing       | |  2.6
Stealth        | |  0.1

Action                   |  1- 3 |  4- 6 || total
-------------------------+-------+-------++-------
Melee: War axe           |    90 |       ||    90
       Punch             |     2 |       ||     2
       Hand axe          |    22 |       ||    22
       Mace              |     9 |    38 ||    47
  Use: Potion            |       |     4 ||     4
 Stab: Sleeping          |     5 |       ||     5
Armor: Robe              |    56 |     9 ||    65
Dodge: Dodged            |    75 |    22 ||    97
